 Dungeon Crawl Stone Soup version 0.17-a0-913-g36eb389 (webtiles) character file.

40101 laxity the Thaumaturge (level 13, -5/78 HPs)
             Began as a Deep Elf Fire Elementalist on May 2, 2015.
             Was a High Priest of Vehumet.
             Slain by a komodo dragon (29 damage)
             ... on level 8 of the Lair of Beasts on May 3, 2015.
             The game lasted 01:03:41 (19855 turns).

laxity the Thaumaturge (DEFE)                      Turns: 19855, Time: 01:03:41

Health: -5/78      AC:  8    Str:  5    XL:     13   Next: 72%
Magic:  20/41      EV: 12    Int: 30    God:    Vehumet [*****.]
Gold:   908        SH:  0    Dex: 11    Spells: 8 memorised, 11 levels left

rFire  . . .     SeeInvis .     r - staff of energy
rCold  + . .     Clarity  .     a - +0 robe
rNeg   + . .     SustAb   .     (no shield)
rPois  +         Gourm    .     u - +2 helmet
rElec  .         Spirit   .     O - +1 cloak of Magic {+Blink rPois Int+4 Dex-4}
rCorr  .         Warding  +     (no gloves)
rMut   .         Stasis   .     j - +0 pair of boots
MR     +....                    F - amulet of warding
Stlth  ++........               R - ring of protection from cold
                                q - ring of magical power

@: somewhat resistant to hostile enchantments, unstealthy
A: wild magic 1
a: Renounce Religion, Evoke Blink


You were on level 8 of the Lair of Beasts.
You worshipped Vehumet.
Vehumet was extremely pleased with you.
You were very hungry.

You visited 3 branches of the dungeon, and saw 18 of its levels.
You also visited: Volcano.

You collected 1112 gold pieces.
You spent 204 gold pieces at shops.

Inventory:

Hand weapons
 m - a +2 dagger of speed
Armour
 a - a +0 robe (worn)
 j - a +0 pair of boots (worn)
 u - a +2 helmet (worn)
 O - the +1 cloak of Magic (worn) {+Blink rPois Int+4 Dex-4}
   (You found it on level 1 of the Lair of Beasts)

   It affects your intelligence (+4).
   It affects your dexterity (-4).
   It protects you from poison.
   It lets you blink.
Magical staves
 r - an uncursed staff of energy (weapon)
 M - an uncursed staff of conjuration
 P - an uncursed staff of air
Rods
 S - a +0 iron rod (12/12)
   (You found it on level 6 of the Lair of Beasts)
Jewellery
 q - a ring of magical power (left hand)
 x - an uncursed ring of ice
 F - an amulet of warding (around neck)
 H - an uncursed ring of flight
 R - a ring of protection from cold (right hand)
 V - an uncursed amulet of faith {unknown}
 W - a cursed amulet of inaccuracy {unknown}
 Y - an uncursed ring of protection from magic {unknown}
Magical devices
 i - a wand of polymorph (14)
 s - a wand of frost (32)
 v - a wand of lightning (2)
 y - a wand of paralysis (13)
 C - a wand of flame (10)
 G - a wand of random effects (15)
 N - a wand of flame (31)
 Z - a wand of cold (8)
Scrolls
 g - a scroll of holy word
 l - 2 scrolls of recharging
 p - 7 scrolls of remove curse
 B - 6 scrolls of blinking
 E - 2 scrolls of fog
 J - 2 scrolls of magic mapping
 K - a scroll of fear
 Q - 3 scrolls of teleportation
 X - a scroll of enchant weapon
Potions
 b - 2 potions of flight
 e - 4 potions of curing
 f - 2 potions of cancellation
 h - 2 potions of lignification
 k - 3 potions of invisibility
 n - 6 potions of heal wounds
 w - a potion of haste
 z - 2 potions of brilliance
 A - 2 potions of agility
 L - a potion of resistance
 U - a potion of ambrosia {unknown}
Books
 t - a book of Burglary

   Spells                             Type                      Level
   a - Swiftness                      Charms/Air                   2
   b - Passwall                       Transmutation/Earth          3
   c - Passage of Golubria            Translocation                4
   d - Lee's Rapid Deconstruction     Earth                        5
   e - Invisibility                   Hexes                        6
   f - Darkness                       Hexes                        7
Comestibles
 c - 7 bread rations
 d - 9 beef jerkies
 o - 16 meat rations
 D - 10 fruits
 I - a slice of pizza


   Skills:
 + Level 8.2 Fighting
 - Level 8.0 Short Blades
 - Level 2.4 Dodging
 - Level 2.4 Stealth
 + Level 13.3 Spellcasting
 + Level 11.6 Conjurations
 + Level 12.6 Fire Magic
 + Level 8.8 Air Magic


You had 11 spell levels left.
You knew the following spells:

 Your Spells              Type           Power        Failure   Level  Hunger
a - Throw Flame           Conj/Fire      ######       1%          2    None
b - Airstrike             Air            #######...   1%          4    None
c - Sticky Flame          Conj/Fire      #######.     1%          4    None
d - Conjure Flame         Conj/Fire      #######.     1%          3    None
e - Fireball              Conj/Fire      #######...   1%          5    None
f - Ignite Poison         Fire/Trmt/Pois ######..     1%          3    None
g - Mephitic Cloud        Conj/Pois/Air  ######..     1%          3    None
i - Flight                Chrm/Air       ######....   4%          3    None


Dungeon Overview and Level Annotations

Branches:
Dungeon (9/15)             Temple (1/1) D:4            Lair (8/8) D:9
  Swamp (0/4) Lair:5        Snake (0/4) Lair:3        Slime (0/6) Lair:7
    Orc: D:9-12

Altars:
Ashenzari
Cheibriados
Dithmenos
Elyvilon
Fedhas
Gozag
Kikubaaqudgha
Makhleb
Nemelex Xobeh
Okawaru
Qazlal
Ru
Sif Muna
Trog
Vehumet
Xom
Yredelemnul
Zin
The Shining One
Jiyva

Shops:
D:8 ?


Innate Abilities, Weirdness & Mutations

Your spells are a little harder to cast, but a little more powerful.


Message History

The komodo dragon burns!
The komodo dragon misses you.
Casting: Sticky Flame
Confirm with . or Enter, or press ? or * to list all spells.
Aiming: Sticky Flame
Press: ? - help, Shift-Dir - straight line, f/p - komodo dragon
Aim: a komodo dragon (heavily wounded, covered in liquid flames)
The sticky flame hits the komodo dragon.
The komodo dragon is heavily wounded.
The komodo dragon is covered in liquid flames!
The komodo dragon burns!
The komodo dragon bites you!!
* * * LOW HITPOINT WARNING * * *
Casting: Sticky Flame
Confirm with . or Enter, or press ? or * to list all spells.
Aiming: Sticky Flame
Press: ? - help, Shift-Dir - straight line, f/p - komodo dragon
Aim: a komodo dragon (severely wounded, covered in liquid flames)
The sticky flame hits the komodo dragon.
The komodo dragon is almost dead.
The komodo dragon burns!
The komodo dragon bites you!!
You die...

#♣ #### ####≈ ## ## #..# ###
#.#≈≈
##.##P#########..###.#####..♣
#.#...P..#.#......P.##.....#.
...P....P..l@.....P.......[..
#...P.PP..P..................
#..P..P.###.....#............
##........).#....##...#.......
#.........P#......#..#...P....
#..PP......##.........P......P
#P..#.............P...........
#PP..#....##...#..#..........#
#..#.#..P##.....##..+P..P...P


You could see a komodo dragon (burning).

Vanquished Creatures
  Rupert (Lair:6)
  Maud (Lair:7)
  Snorg (Lair:6)
  The ghost of Lathuz the Blocker, a powerful MiFi of Okawaru (Lair:2)
  5 hydras
  A catoblepas (Lair:5)
  8 death yaks
  2 black mambas
  11 spiny frogs
  8 komodo dragons
  A polar bear (Lair:6)
  5 fire drakes
  15 blink frogs
  A baby alligator (Lair:5)
  Sigmund (D:6)
  2 deep elf fighters (Volcano)
  A wyvern (Lair:7)
  A basilisk (Lair:3)
  10 hippogriffs
  A deep elf mage (D:9)
  3 hogs (Volcano)
  A hungry ghost (D:8)
  18 yaks
  7 wolves
  2 wargs (D:9)
  3 nagas (Lair:3)
  15 water moccasins
  5 orc warriors
  19 porcupines
  A phantom (D:4)
  A sky beast (D:9)
  2 ogres (D:4)
  4 centaurs
  A big kobold (D:8)
  12 crocodiles
  13 giant frogs
  A water moccasin zombie (D:6)
  3 scorpions
  3 crimson imps
  2 electric eels
  A quasit (D:8)
  4 hounds
  12 iguanas
  9 orc priests
  8 orc wizards
  3 centaur zombies
  5 giant frog zombies
  2 centaur skeletons
  2 giant frog skeletons
  10 worker ants
  12 sheep
  2 hound zombies
  A worker ant zombie (D:5)
  55 river rats
  10 adders
  2 shadow imps
  An ooze (D:2)
  A worm (D:4)
  An adder skeleton (D:4)
  7 giant geckos
  38 orcs
  2 bat skeletons (D:5)
  6 giant cockroaches
  28 hobgoblins
  20 kobolds
  3 quokkas
  9 bats
  A giant cockroach zombie (D:5)
  A giant gecko skeleton (D:5)
  4 giant newts
  A giant spore (D:8)
  13 goblins
  7 jackals
  A jackal skeleton (D:5)
  A quokka skeleton (D:5)
  15 rats
  2 fungi
493 creatures vanquished.

Vanquished Creatures (others)
  A two-headed ogre (Volcano)
  3 fungi
  2 plants
6 creatures vanquished.

Grand Total: 499 creatures vanquished

Notes
Turn   | Place    | Note
--------------------------------------------------------------
     0 | D:1      | laxity, the Deep Elf Fire Elementalist, began the quest for the Orb.
     0 | D:1      | Reached XP level 1. HP: 10/10 MP: 6/6
   389 | D:1      | Reached XP level 2. HP: 15/15 MP: 6/8
   393 | D:1      | Learned a level 2 spell: Throw Flame
  1025 | D:2      | Reached XP level 3. HP: 19/19 MP: 3/10
  1207 | D:2      | Found a stormy altar of Qazlal.
  1245 | D:2      | Reached skill level 4 in Spellcasting
  1599 | D:2      | Reached XP level 4. HP: 24/24 MP: 7/12
  2164 | D:3      | Found a white marble altar of Elyvilon.
  2287 | D:3      | Found a snail-covered altar of Cheibriados.
  3108 | D:4      | Reached XP level 5. HP: 28/28 MP: 7/14
  3159 | D:4      | Reached skill level 5 in Spellcasting
  3313 | D:4      | Found a staircase to the Ecumenical Temple.
  3324 | D:4      | Noticed an ogre
  3331 | D:4      | Killed an ogre
  3331 | D:4      | Reached skill level 5 in Fire Magic
  3331 | D:4      | Reached XP level 6. HP: 32/32 MP: 10/16
  3344 | Temple   | Entered the Ecumenical Temple
  3593 | Temple   | Became a worshipper of Vehumet
  3601 | Temple   | Upgraded the game from 0.17-a0-910-ga669010 to 0.17-a0-913-g36eb389
  3606 | Temple   | Learned a level 4 spell: Sticky Flame
  3610 | Temple   | Learned a level 3 spell: Conjure Flame
  3616 | Temple   | Learned a level 5 spell: Fireball
  3808 | D:4      | Noticed an ogre
  3814 | D:4      | Killed an ogre
  3864 | D:4      | Noticed a phantom
  3882 | D:4      | Killed a phantom
  3882 | D:4      | Reached skill level 6 in Spellcasting
  4095 | D:4      | Reached XP level 7. HP: 36/36 MP: 15/18
  4296 | D:4      | Acquired Vehumet's first power
  4296 | D:4      | Offered knowledge of Sandblast by Vehumet.
  4431 | D:5      | Entered Level 5 of the Dungeon
  4454 | D:5      | Reached skill level 5 in Conjurations
  4774 | D:5      | Reached skill level 7 in Spellcasting
  5013 | D:5      | Offered knowledge of Freeze by Vehumet.
  5092 | D:5      | Reached XP level 8. HP: 41/41 MP: 20/21
  5097 | D:5      | Identified Curgh's Guide on Hurtful Toxins
  5339 | D:5      | Found a bloodstained altar of Trog.
  5677 | D:6      | Noticed Sigmund
  5695 | D:6      | Killed Sigmund
  5695 | D:6      | Reached skill level 8 in Spellcasting
  6074 | D:6      | Offered knowledge of Ignite Poison by Vehumet.
  6116 | D:6      | Learned a level 3 spell: Ignite Poison
  6120 | D:6      | Learned a level 3 spell: Mephitic Cloud
  6473 | D:7      | Acquired Vehumet's second power
  6487 | D:7      | Gained mutation: Your spells are a little harder to cast, but a little more powerful. [potion of beneficial mutation]
  6610 | D:7      | Reached skill level 1 in Air Magic
  6618 | D:7      | Reached skill level 9 in Spellcasting
  6689 | D:7      | Reached XP level 9. HP: 45/45 MP: 24/24
  7324 | D:8      | Offered knowledge of Fulminant Prism by Vehumet.
  8108 | D:8      | Found a shattered altar of Ashenzari.
  8198 | D:8      | Acquired Vehumet's third power
  8199 | D:8      | Reached skill level 10 in Spellcasting
  8325 | D:8      | Found Gieshritu's Magic Scroll Emporium.
  8331 | D:8      | Bought a scroll of magic mapping for 42 gold pieces
  8331 | D:8      | Bought a scroll of fear for 42 gold pieces
  8331 | D:8      | Bought 3 scrolls of identify for 72 gold pieces
  8335 | D:8      | Bought a scroll of identify for 24 gold pieces
  8335 | D:8      | Bought a scroll of identify for 24 gold pieces
  8743 | D:9      | Found a basalt altar of Yredelemnul.
  8743 | D:9      | Found a shadowy altar of Dithmenos.
  8936 | D:9      | Offered knowledge of Airstrike by Vehumet.
  8948 | D:9      | Reached XP level 10. HP: 21/50 MP: 22/26
  8962 | D:8      | Learned a level 4 spell: Airstrike
  9237 | D:9      | Found a staircase to the Lair.
  9456 | Lair:1   | Entered Level 1 of the Lair of Beasts
  9481 | Lair:1   | Reached skill level 1 in Short Blades
  9482 | Lair:1   | Got a crude cloak
  9496 | Lair:1   | Identified the +1 cloak of Magic {+Blink rPois Int+4 Dex-4} (You found it on level 1 of the Lair of Beasts)
  9737 | Lair:1   | Reached skill level 1 in Fighting
 10124 | Lair:1   | Reached skill level 10 in Fire Magic
 10246 | Lair:1   | Learned a level 3 spell: Flight
 10614 | Lair:2   | Noticed Lathuz's ghost (powerful MiFi)
 10641 | Lair:2   | Killed Lathuz's ghost
 11014 | Lair:2   | Reached skill level 5 in Short Blades
 11021 | Lair:2   | Reached XP level 11. HP: 29/61 MP: 17/27
 11392 | Lair:2   | Noticed a seven-headed hydra
 11396 | Lair:2   | Killed a seven-headed hydra
 11396 | Lair:2   | Reached skill level 5 in Air Magic
 11778 | Lair:2   | Offered knowledge of Lee's Rapid Deconstruction by Vehumet.
 12074 | Lair:2   | Reached skill level 5 in Fighting
 12960 | Lair:2   | Reached skill level 11 in Spellcasting
 13286 | Lair:3   | Found a staircase to the Snake Pit.
 14385 | Lair:4   | Found a bloodstained altar of Trog.
 14461 | Lair:4   | Reached XP level 12. HP: 69/69 MP: 27/29
 14854 | Lair:4   | Noticed a death yak
 14855 | Lair:4   | Noticed a death yak
 14856 | Lair:4   | Noticed a death yak
 14856 | Lair:4   | Noticed a death yak
 14857 | Lair:4   | Noticed a death yak
 14858 | Lair:4   | Noticed a death yak
 14858 | Lair:4   | Killed a death yak
 14859 | Lair:4   | Killed a death yak
 14860 | Lair:4   | Killed a death yak
 14860 | Lair:4   | Reached skill level 10 in Conjurations
 14862 | Lair:4   | Killed a death yak
 14863 | Lair:4   | Killed a death yak
 14863 | Lair:4   | Killed a death yak
 15419 | Lair:4   | Offered knowledge of Bolt of Cold by Vehumet.
 15453 | Lair:4   | Reached skill level 12 in Spellcasting
 15731 | Lair:5   | Found a staircase to the Swamp.
 15912 | Lair:5   | Found a dark tunnel.
 15922 | Volcano  | Entered a volcano
 16116 | Lair:5   | Noticed a catoblepas
 16126 | Lair:5   | Killed a catoblepas
 16279 | Lair:5   | Noticed an eight-headed hydra
 16280 | Lair:5   | Killed an eight-headed hydra
 16345 | Lair:5   | Reached XP level 13. HP: 76/76 MP: 16/31
 17337 | Lair:6   | Noticed Snorg
 17343 | Lair:6   | Killed Snorg
 17473 | Lair:6   | Noticed Rupert
 17485 | Lair:6   | Killed Rupert
 18353 | Lair:7   | Noticed Maud
 18361 | Lair:7   | Killed Maud
 18361 | Lair:7   | Reached skill level 13 in Spellcasting
 18718 | Lair:7   | Offered knowledge of Delayed Fireball by Vehumet.
 18806 | Lair:7   | Found a viscous altar of Jiyva.
 18807 | Lair:7   | Found a staircase to the Slime Pits.
 18819 | Lair:7   | Found a shadowy altar of Dithmenos.
 19025 | Lair:8   | Entered Level 8 of the Lair of Beasts
 19855 | Lair:8   | Slain by a komodo dragon

Action                   |  1- 3 |  4- 6 |  7- 9 | 10-12 | 13-15 || total
-------------------------+-------+-------+-------+-------+-------++-------
Melee: Dagger            |    31 |     6 |     7 |    25 |       ||    69
       Staff             |       |       |       |     7 |     9 ||    16
 Cast: Flame Tongue      |    43 |    76 |   298 |   109 |       ||   526
       Throw Flame       |    13 |    25 |    73 |   242 |   119 ||   472
       Sticky Flame      |       |     3 |    14 |    56 |    17 ||    90
       Conjure Flame     |       |     2 |     5 |    11 |     2 ||    20
       Fireball          |       |       |     5 |    43 |    40 ||    88
       Airstrike         |       |       |       |    23 |    28 ||    51
Evoke: Wand              |       |       |     3 |     9 |       ||    12
  Use: Scroll            |       |       |    20 |     6 |     3 ||    29
       Potion            |       |       |     1 |     3 |       ||     4
 Stab: Paralysed         |       |       |     7 |       |       ||     7
  Eat: Chunk             |     2 |     8 |    16 |    23 |     8 ||    57
       Pizza             |       |       |       |     1 |     1 ||     2
